AoeStats
← TmZ_Prodigio

Michi

516886456Analyzed
1v1 RM · 10d ago on Oct 28, 2026· 52m 44s· 2 players
Game mode
Random Map
Map size
Tiny (2 player)
Population
200
Speed
Normal
Resources
Standard
Victory
Conquest
Starting age
Dark Age
Ending age
Imperial Age
RankedLock teamsTeams togetherTeam positionsShared explorationLock speedFull tech treeHidden civsTurbo modeCheats
Victory
Defeat
🇧🇷 Bohemians · Brazil
682
+15
vs
🇨🇦 Burmese · Canada
656
-33
Blue-Sam
7:53 Feudal Age
12:26 Horse Collar
16:39 Castle Age
18:15 Heavy Plow
22:07 Loom
22:40 Forging
22:33 Scale Mail Armor
24:09 Man-at-Arms
27:10 Long Swordsman
29:46 Masonry
29:50 Devotion
30:48 Iron Casting
30:30 Chain Mail Armor
34:18 Imperial Age
35:47 Onager
37:54 Architecture
37:39 Siege Engineers
38:12 Crop Rotation
37:18 Two-Handed Swordsman
38:19 Champion
TmZ_Prodigio
1:41 Loom
9:25 Feudal Age
10:17 Horse Collar
10:22 Double-Bit Axe
11:30 Wheelbarrow
19:27 Castle Age
22:32 Bow Saw
26:00 Heavy Plow
26:42 Ballistics
29:11 Hand Cart
29:56 Town Watch
34:55 Caravan
37:48 Imperial Age
35:41 Town Patrol
37:46 Chemistry
36:43 Fletching
36:54 Padded Archer Armor
37:05 Forging
39:59 Wagenburg Tactics
39:29 Pikeman
40:10 Squires
40:19 Light Cavalry
41:02 Halberdier
41:41 Bodkin Arrow
42:32 Leather Archer Armor
49:35 Bracer
50:06 Ring Archer Armor
50:14 Iron Casting
49:40 Scale Mail Armor
49:45 Scale Barding Armor
49:51 Hussite Reforms
49:10 Elite Hussite Wagon
49:15 Houfnice
Connection lost

Rejoining the realm…

Still unreachable

The connection could not be restored.

Session expired

The server has moved on; the page needs a fresh start.